AoeStats
← joaquinlopezlopez90

Arabia

510419416Analyzed
3v3 RM · 2d ago on Sep 30, 2026· 48m 54s· 6 players
Game mode
Random Map
Map size
Normal (6 player)
Population
200
Speed
Normal
Resources
Standard
Victory
Conquest
Starting age
Dark Age
Ending age
Imperial Age
RankedLock teamsTeams togetherTeam positionsShared explorationLock speedFull tech treeHidden civsTurbo modeCheats
Victory
Defeat
🇦🇷 Maya · Argentina
914
+16
🇦🇷 Vietnamese · Argentina
907
+16
🇦🇷 Varangians · Argentina
864
+18
🇻🇪 Huns · Venezuela
949
-18
🇧🇷 Franks · Brazil
932
-17
🇨🇱 Chinese · Chile
865
-15
Sr. Claudio
11:59 Feudal Age
12:36 Double-Bit Axe
15:42 Horse Collar
20:23 Castle Age
19:46 Forging
19:36 Scale Mail Armor
20:35 Fletching
20:45 Padded Archer Armor
21:32 Bow Saw
21:08 Elite Skirmisher
21:52 Padded Archer Armor
22:09 Gold Mining
25:00 Iron Casting
24:40 Chain Mail Armor
24:21 Bodkin Arrow
24:41 Leather Archer Armor
27:42 Heavy Plow
29:51 Chain Mail Armor
29:52 Leather Archer Armor
31:00 Stone Mining
34:58 Imperial Age
32:18 Town Watch
33:46 Wheelbarrow
34:30 Town Patrol
34:16 Loom
35:51 Hand Cart
36:01 Ballistics
36:51 Chemistry
37:45 Two-Man Saw
38:57 Plate Mail Armor
39:08 Ring Archer Armor
40:13 Imperial Skirmisher
40:16 Elite Fire Lancer
47:44 Bracer
joaquinlopezlopez90
11:10 Feudal Age
9:30 Loom
11:52 Double-Bit Axe
12:46 Horse Collar
16:04 Bloodlines
16:20 Bloodlines
18:47 Wheelbarrow
18:49 Forging
25:45 Castle Age
29:06 Husbandry
31:18 Squires
31:33 Bow Saw
33:23 Iron Casting
32:49 Scale Mail Armor
32:56 Scale Barding Armor
33:35 Heavy Plow
40:26 Hand Cart
43:21 Gold Mining
46:09 Imperial Age
46:54 Cavalier
46:57 Elite Varangian Guard
49:40 Blast Furnace
48:55 Chain Mail Armor
49:01 Chain Barding Armor
StuartLittle
7:04 Loom
10:06 Feudal Age
10:52 Double-Bit Axe
12:48 Wheelbarrow
15:01 Scale Mail Armor
22:03 Castle Age
21:21 Fletching
22:24 Wheelbarrow
22:08 Crossbowman
22:47 Bodkin Arrow
22:42 Horse Collar
23:12 Bow Saw
23:25 Eagle Warrior
24:40 Gold Mining
28:30 Forging
29:21 Heavy Plow
31:39 Chain Mail Armor
32:29 Thumb Ring
31:54 Elite Skirmisher
35:47 Imperial Age
33:58 Hul'che Javelineers
35:56 Ballistics
35:58 Arbalester
36:00 Imperial Skirmisher
36:58 Bracer
39:40 Padded Archer Armor
41:29 Crop Rotation
42:53 Leather Archer Armor
42:56 Pikeman
44:41 Hand Cart
45:51 Chemistry
Dryzar
8:58 Feudal Age
9:42 Double-Bit Axe
9:54 Horse Collar
14:22 Wheelbarrow
13:58 Loom
18:26 Castle Age
19:17 Bow Saw
21:26 Stone Mining
23:55 Masonry
23:33 Town Watch
23:44 Fletching
24:14 Gold Mining
25:08 Ballistics
25:16 Husbandry
25:18 Heavy Plow
25:41 Forging
25:37 Scale Barding Armor
27:15 Hand Cart
28:32 Murder Holes
29:09 Hand Cart
31:08 Gold Shaft Mining
30:53 Bloodlines
30:21 Light Cavalry
34:17 Imperial Age
33:30 Iron Casting
34:31 Chain Barding Armor
34:22 Cavalier
36:17 Blast Furnace
35:58 Plate Barding Armor
36:56 Paladin
38:27 Conscription
TuChilenitoMorenito
13:12 Feudal Age
20:06 Castle Age
18:42 Horse Collar
18:57 Gold Mining
18:53 Double-Bit Axe
21:49 Bow Saw
21:44 Heavy Plow
24:14 Stone Mining
25:00 Gold Shaft Mining
25:06 Gold Shaft Mining
30:51 Stone Shaft Mining
33:25 Fletching
36:17 Imperial Age
34:28 Bodkin Arrow
36:04 Padded Archer Armor
38:39 Elite Chu Ko Nu
41:17 Leather Archer Armor
41:03 Bracer
45:19 Conscription
46:46 Two-Man Saw
2Cool2Care
13:00 Feudal Age
13:30 Double-Bit Axe
17:03 Loom
23:43 Castle Age
35:28 Wheelbarrow
42:53 Imperial Age
40:56 Scale Mail Armor
41:06 Forging
44:49 Conscription
45:26 Hand Cart
44:57 Town Watch
45:38 Bow Saw
45:50 Elite Throwing Axeman
47:17 Husbandry
46:37 Light Cavalry
Connection lost

Rejoining the realm…

Still unreachable

The connection could not be restored.

Session expired

The server has moved on; the page needs a fresh start.